 Dungeon Sprint DCSS version 0.20-a0-59-g66a9409 (console) character file.

739 Blackmore the Frost Mage (level 7, -6/36 HPs)
             Began as a Deep Elf Ice Elementalist on Nov 16, 2016.
             Was a High Priest of Sif Muna.
             Killed from afar by an eidolon (27 damage)
             ... with a bolt of negative energy
             ... in the Dungeon (Sprint VII: "The Pits").
             The game lasted 00:07:39 (965 turns).

Blackmore the Frost Mage (Deep Elf Ice Elementalist) Turns: 965, Time: 00:07:39

Health: -6/36      AC:  2    Str:  5    XL:     7   Next: 46%
Magic:  3/24       EV: 13    Int: 22    God:    Sif Muna [*****.]
Gold:   0          SH:  0    Dex: 15    Spells: 6 memorised, 13 levels left

rFire  . . .     SeeInvis .     k - +2 dagger (venom)
rCold  . . .     Gourm    .     a - +0 robe
rNeg   . . .     Faith    .     (no shield)
rPois  .         Spirit   .     (no helmet)
rElec  .         Reflect  .     (no cloak)
rCorr  .         Harm     .     (no gloves)
MR     .....     NoTele   +     (no boots)
Stlth  +++.......               (no amulet)
                                (no ring)
                                (no ring)

@: very slightly contaminated, slowed, heavily drained, divine energy, very slow
A: no striking features
a: Stop Divine Energy, Channel Magic, Forget Spell, Renounce Religion


You were in the Dungeon.
You worshipped Sif Muna.
Sif Muna was extremely pleased with you.
You were not hungry.

You visited 1 branch

Inventory:

Hand Weapons
 j - a +2 dagger
 k - a +2 dagger of venom (weapon)
 l - a +1 long sword of flaming
Armour
 a - a +0 robe (worn)
Potions
 d - 6 potions of curing
 e - 4 potions of heal wounds
 f - a potion of haste
 g - 2 potions of magic
Books
 b - a book of Frost

   Spells                             Type                      Level
   a - Freeze                         Ice                          1
   b - Throw Frost                    Conjuration/Ice              2
   c - Ozocubu's Armour               Charms/Ice                   3
   d - Throw Icicle                   Conjuration/Ice              4
   e - Summon Ice Beast               Ice/Summoning                4
 h - Sif Muna's Disquisition on Unholy Conjuration
   (Sif Muna gifted it to you in the Dungeon)

   Spells                             Type                      Level
   a - Shock                          Conjuration/Air              1
   b - Regeneration                   Charms/Necromancy            3
   c - Dispel Undead                  Necromancy                   5
   d - Lehudib's Crystal Spear        Conjuration/Earth            8
   e - Infestation                    Necromancy                   8
   f - Glaciate                       Conjuration/Ice              9


   Skills:
 - Level 3.2(2.0) Short Blades
 + Level 4.6(3.3) Dodging
 + Level 7.1(5.7) Stealth
 * Level 12.2(10.7) Spellcasting
 + Level 2.1(1.0) Conjurations
 + Level 2.9(1.8) Summonings
 * Level 12.2(10.7) Ice Magic


You had 13 spell levels left.
You knew the following spells:

 Your Spells              Type           Power        Failure   Level  Hunger
a - Freeze                Ice            ####         1%          1    None
b - Throw Frost           Conj/Ice       #####.       1%          2    None
c - Ozocubu's Armour      Chrm/Ice       #####...     1%          3    None
d - Throw Icicle          Conj/Ice       #####...     6%          4    #......
e - Summon Ice Beast      Ice/Summ       #####...     6%          4    #......
f - Regeneration          Chrm/Necr      ##........   17%         3    None


Dungeon Overview and Level Annotations

Branches:
Dungeon (1/1)

Altars:
Ashenzari
Cheibriados
Dithmenos
Elyvilon
Fedhas
Gozag
Hepliaklqana
Kikubaaqudgha
Makhleb
Nemelex Xobeh
Okawaru
Qazlal
Ru
Sif Muna
Trog
Uskayaw
Vehumet
Xom
Yredelemnul
Zin
The Shining One
Beogh
Jiyva
Lugonu


Message History

You are terrified of the eidolon!
You swap places.
You are no longer terrified.
Something hits your ice beast.
Something drains your ice beast's vigour!
Your ice beast seems to slow down.
Something hits your ice beast. Something hits your ice beast!!
Something drains your ice beast's vigour!
Your ice beast seems to slow down.
Something hits your ice beast.
Something closely misses your ice beast.
Something hits your ice beast!
Your ice beast dies!
Unknown command.
Unknown command.
You swap places.
The eidolon stares piercingly at you. The bolt of negative energy hits you!
You feel drained.
Ouch! That really hurt!
You die...

#.#.....#..##.....
#.####'##'###...<.
#.#.......)##.....
#.#........##.....
#'###########.....
#.......#.. ######
#...#...#.# ####
#..W#...#†#....#
#@##.##.#'#....#
#Y..#W..#)'zz..+
#...#...#'#
#.......'.#
###########


You could see an eidolon and a friendly ice beast.

Vanquished Creatures
  A floating eye (D)
  A sky beast (D)
  An ogre (D)
  A wight (D)
  A crimson imp (D)
  A mummy (D)
  A gnoll (D)
  3 river rats (D)
  A giant cockroach (D)
  A hobgoblin (D)
  2 ball pythons (D)
  A leopard gecko zombie (D)
15 creatures vanquished.

Vanquished Creatures (collateral kills)
  2 flying skulls (D)
  A water moccasin (D)
  An ogre (D)
  A gnoll shaman (D)
  4 gnolls (D)
  An adder zombie (D)
  A leopard gecko (D)
  A rat (D)
12 creatures vanquished.

Grand Total: 27 creatures vanquished

Notes
Turn   | Place    | Note
-------+----------+-------------------------------------------
     0 | D        | Blackmore the Deep Elf Ice Elementalist began the quest for the Orb.
     0 | D        | Reached XP level 1. HP: 10/10 MP: 6/6
    15 | D        | Found a radiant altar of Vehumet.
    15 | D        | Found a hide-covered altar of Uskayaw.
    15 | D        | Found an ancient bone altar of Kikubaaqudgha.
    15 | D        | Found a viscous altar of Jiyva.
    15 | D        | Found a hazy altar of Hepliaklqana.
    16 | D        | Found a bloodstained altar of Trog.
    16 | D        | Found a deep blue altar of Sif Muna.
    16 | D        | Found a sacrificial altar of Ru.
    16 | D        | Found a stormy altar of Qazlal.
    16 | D        | Found an iron altar of Okawaru.
    16 | D        | Found a sparkling altar of Nemelex Xobeh.
    16 | D        | Found an opulent altar of Gozag.
    16 | D        | Found a blossoming altar of Fedhas.
    16 | D        | Found a white marble altar of Elyvilon.
    16 | D        | Found a shadowy altar of Dithmenos.
    16 | D        | Found a snail-covered altar of Cheibriados.
    17 | D        | Found a burning altar of Makhleb.
    17 | D        | Found a glowing golden altar of the Shining One.
    17 | D        | Found a glowing silver altar of Zin.
    17 | D        | Found a basalt altar of Yredelemnul.
    17 | D        | Found a roughly hewn altar of Beogh.
    18 | D        | Found a corrupted altar of Lugonu.
    18 | D        | Found a shimmering altar of Xom.
    18 | D        | Found a shattered altar of Ashenzari.
    20 | D        | Became a worshipper of Sif Muna the Loreminder
   111 | D        | Reached * piety under Sif Muna
   111 | D        | Reached skill level 5 in Ice Magic
   111 | D        | Reached XP level 2. HP: 15/15 MP: 7/9
   156 | D        | Learned a level 2 spell: Throw Frost
   170 | D        | Noticed a floating eye
   192 | D        | Paralysed by a floating eye for 4 turns
   197 | D        | Killed a floating eye
   197 | D        | Reached ** piety under Sif Muna
   197 | D        | Reached skill level 1 in Short Blades
   197 | D        | Reached XP level 3. HP: 19/19 MP: 7/13
   197 | D        | Reached XP level 4. HP: 24/24 MP: 7/14
   203 | D        | Learned a level 3 spell: Ozocubu's Armour
   208 | D        | Learned a level 4 spell: Throw Icicle
   213 | D        | Learned a level 4 spell: Summon Ice Beast
   250 | D        | Noticed an ogre
   282 | D        | Reached *** piety under Sif Muna
   289 | D        | Killed an ogre
   289 | D        | Reached skill level 5 in Stealth
   289 | D        | Reached XP level 5. HP: 28/28 MP: 7/18
   351 | D        | Noticed a flying skull
   352 | D        | Noticed an ogre
   352 | D        | Noticed a sky beast
   379 | D        | Reached skill level 10 in Ice Magic
   399 | D        | Killed a flying skull
   399 | D        | Reached **** piety under Sif Muna
   399 | D        | Reached skill level 1 in Summonings
   399 | D        | Reached XP level 6. HP: 31/32 MP: 0/20
   403 | D        | Reached skill level 10 in Spellcasting
   574 | D        | Killed a sky beast
   574 | D        | Reached ***** piety under Sif Muna
   582 | D        | Identified Sif Muna's Disquisition on Unholy Conjuration (Sif Muna gifted it to you in the Dungeon)
   582 | D        | Received a gift from Sif Muna
   582 | D        | Reached XP level 7. HP: 36/36 MP: 1/23
   603 | D        | Learned a level 3 spell: Regeneration
   746 | D        | Noticed an eidolon
   758 | D        | Noticed a flying skull
   777 | D        | Killed a flying skull
   965 | D        | Killed from afar by an eidolon

Vault maps used:
D:        pitsprint

Skill      XL: |  1  2  3  4  5  6  7 |
---------------+----------------------+-----
Spellcasting   | 4 6 8 9 11 12 | 12.2
Ice Magic      | 5 8 9 10 11 12 | 12.2
Short Blades   | 1 2 3 |  3.2
Dodging        | 3 4 |  4.6
Stealth        | 4 5 6 7 |  7.1
Summonings     | 1 2 |  2.9
Conjurations   | 2 |  2.1

Action                   |  1- 3 |  4- 6 |  7- 9 || total
-------------------------+-------+-------+-------++-------
Melee: Dagger            |    11 |     9 |     6 ||    26
 Cast: Freeze            |     3 |     3 |     1 ||     7
       Throw Frost       |       |     5 |       ||     5
       Summon Ice Beast  |       |     6 |    12 ||    18
       Throw Icicle      |       |     7 |     3 ||    10
Invok: Divine Energy     |       |     1 |       ||     1
  Use: Potion            |     1 |       |     2 ||     3
       Scroll            |       |       |     1 ||     1
 Stab: Sleeping          |     1 |     1 |     2 ||     4
  Eat: Bread ration      |       |       |     1 ||     1
Armor: Robe              |     1 |       |     1 ||     2
Dodge: Dodged            |    12 |    15 |     8 ||    35
